 Dungeon Crawl Stone Soup version 0.28-a0-194-g42b4daccc1 (webtiles) character file.

Game seed: 2588590516522887177

234 aSlayers the Ruffian (level 5, 0/53 HPs)
             Began as a Troll Monk on Aug 18, 2021.
             Slain by a gnoll (6 damage)
             ... on level 4 of the Dungeon.
             The game lasted 00:12:41 (1952 turns).

aSlayers the Ruffian (Troll Monk)                   Turns: 1952, Time: 00:12:41

Health: 0/53       AC:  4    Str: 20    XL:     5   Next: 75%
Magic:  4/4        EV: 10    Int:  6    God:
Gold:   138        SH:  0    Dex: 12    Spells: 4/4 levels left

rFire   . . .      SeeInvis .     - Unarmed
rCold   . . .      Faith    .   (no shield)
rNeg    . . .      Spirit   .   a - +0 robe
rPois   .          Reflect  .   (helmet restricted)
rElec   .          Harm     .   (no cloak)
rCorr   .          Rampage  .   (gloves unavailable)
Will    .....                   (boots unavailable)
Stlth   ++........              (no amulet)
HPRegen 1.17/turn               (no ring)
MPRegen 0.09/turn               (no ring)

@: mighty, brilliant
A: large, unfitting armour, claws 3, regeneration 1, shaggy fur 1, tough skin 1
a: no special abilities


You were on level 4 of the Dungeon.
You visited 1 branch of the dungeon, and saw 4 of its levels.

You collected 138 gold pieces.

Inventory:

Armour
 a - a +0 robe (worn)
Magical Staves
 c - a staff of conjuration
Jewellery
 g - a +4 ring of protection
Scrolls
 e - a scroll of teleportation
Potions
 b - a potion of ambrosia
 d - a potion of might
 f - a potion of lignification
 i - 2 potions of brilliance


   Skills:
 + Level 3.1 Fighting
 + Level 3.5 Dodging
 + Level 1.4 Stealth
 + Level 4.8 Unarmed Combat


You had 4 spell levels left.
You didn't know any spells.
Your spell library contained the following spells:

 Spells                   Type           Power      Damage    Failure   Level
 Stone Arrow              Conj/Erth      0%         3d7       83%         3
 Bolt of Magma            Conj/Fire/Erth 0%         4d4       100%        5
 Shatter                  Erth           0%         3d5*      100%        9


Dungeon Overview and Level Annotations

Branches:
Dungeon (4/15)
 Temple: D:4-7

Altars:
The Shining One


Innate Abilities, Weirdness & Mutations

You are too large for most types of armour.
You have claws for hands.
Your natural rate of healing is unusually fast.
You are covered in fur. (AC +1)
You have tough skin. (AC +1)


Message History

There are monsters nearby!
There are monsters nearby!
There are monsters nearby!
There are monsters nearby!
There are monsters nearby!
The gnoll hits you but does no damage. The goblin hits you but does no damage.
The gnoll completely misses you. The goblin hits you but does no damage.
The gnoll hits you but does no damage. The goblin completely misses you.
Your transformation is almost over.
The gnoll hits you but does no damage. The goblin hits you but does no damage.
The gnoll hits you but does no damage. The goblin hits you but does no damage.
The gnoll hits you but does no damage. The goblin completely misses you.
The gnoll hits you from afar with a +0 spear.
* * * LOW HITPOINT WARNING * * *
The goblin hits you but does no damage. The gnoll hits you but does no damage.
The goblin hits you with a +0 club.
* * * LOW HITPOINT WARNING * * *
The gnoll hits you but does no damage. The goblin hits you but does no damage.
The gnoll hits you from afar with a +0 spear.
* * * LOW HITPOINT WARNING * * *
The goblin hits you but does no damage.
The gnoll hits you from afar with a +0 spear.
* * * LOW HITPOINT WARNING * * *
The goblin hits you with a +0 club.
* * * LOW HITPOINT WARNING * * *
The gnoll hits you but does no damage. The goblin hits you but does no damage.
The gnoll hits you but does no damage. The goblin completely misses you.
You feel less wooden.
Your +0 robe unmelds from your body.
The gnoll hits you from afar with a +0 spear.
* * * LOW HITPOINT WARNING * * *
The goblin closely misses you. The gnoll barely misses you.
The goblin hits you but does no damage.
The gnoll hits you from afar with a +0 spear.
* * * LOW HITPOINT WARNING * * *
The goblin hits you with a +0 club.
* * * LOW HITPOINT WARNING * * *
The gnoll closely misses you. The goblin barely misses you.
The gnoll hits you from afar with a +0 spear.
You die...

##.#.#.#..#
#....$....###########
##.#>#.#..g.........##
#.........g##........##
##.#.#.#...#....(.....#
#......?...#..........#
#.....[....#..........#
##........##.....รท....#
##......###.@<.......#####
######## ##.gg...>.......
##.........#####
#...(......####
#..............
#..........####
#..........# #..........#
##........##


You could see a gnoll and a goblin.

Vanquished Creatures
  2 centaur skeletons
  A hound (D:4)
  A jelly (D:4)
  An iguana (D:4)
  5 adders
  A dart slug (D:3)
  4 ball pythons
  5 endoplasms
  2 giant cockroaches
  A goblin (D:1)
  4 hobgoblins
  3 jackals (D:1)
  5 bats
  2 frilled lizards
  8 kobolds
  3 rats (D:2)
48 creatures vanquished.

Notes
Turn   | Place    | Note
-------+----------+-------------------------------------------
     0 | D:1      | aSlayers the Troll Monk began the quest for the Orb.
     0 | D:1      | Reached XP level 1. HP: 22/22 MP: 0/0
   288 | D:1      | Reached XP level 2. HP: 29/29 MP: 1/1
   750 | D:2      | Found a glowing golden altar of the Shining One.
  1298 | D:2      | Reached XP level 3. HP: 36/36 MP: 2/2
  1510 | D:3      | Reached skill level 4 in Unarmed Combat
  1510 | D:3      | Reached XP level 4. HP: 44/44 MP: 3/3
  1542 | D:4      | Reached XP level 5. HP: 29/53 MP: 4/4
  1932 | D:4      | HP: 2/79 [gnoll (4)]
  1952 | D:4      | Slain by a gnoll

Illustrated notes

Levels and vault maps discovered:
D:1:      evilmike_arrival_grusome_pit, layout_rooms, kennysheep_minor_cross,
          chequers_garden, minmay_octomino_e4
D:2:      layout_basic, basic_altar, minmay_split_cup_small
D:3:      layout_rooms
D:4:      layout_rooms, serial_shops, nicolae_shop_competitors_out_of_business,
          gammafunk_ghost_arena, st_stairs_8, minmay_shop_grid_forest

Skill      XL: |  1  2  3  4 |
---------------+-------------+-----
Dodging        | 3 |  3.5
Unarmed Combat | 4 |  4.8
Fighting       | 3 |  3.1
Stealth        | |  1.4

Action                   |  1- 3 |  4- 6 || total
-------------------------+-------+-------++-------
Melee: Unarmed           |    83 |    31 ||   114
       Punch             |     2 |     1 ||     3
  Use: Scroll            |     5 |     2 ||     7
       Potion            |       |     6 ||     6
 Stab: Sleeping          |     3 |       ||     3
Armor: Robe              |    36 |    32 ||    68
       Skin              |       |    31 ||    31
Dodge: Dodged            |    70 |    71 ||   141

Table legend: (Time is in decaauts)
 A = Elapsed time spent in this place.
 B = Non-inter-level travel time spent in this place.
 C = Inter-level travel time spent in this place.
 D = Time resting spent in this place.
 E = Time spent auto-exploring this place.
 F = Levels seen in this place.
 G = Mean time per level.
                   A        B        C        D        E       F      G
               +--------+--------+--------+--------+--------+-----+--------+
         Total |   1943 |   1943 |      0 |      0 |   1152 |   4 |  485.8 |
       Dungeon |   1943 |   1943 |      0 |      0 |   1152 |   4 |  485.8 |
               +--------+--------+--------+--------+--------+-----+--------+

Top non-repeatable levels by time:
     D:2: 704 daAuts
     D:1: 661 daAuts
     D:3: 432 daAuts
     D:4: 145 daAuts
